 Dungeon Crawl Stone Soup version 0.21.1-1-g345015f (webtiles) character file.

3167 pk666 the Thaumaturge (level 9, -4/45 HPs)
             Began as a Deep Elf Wizard on Feb 12, 2018.
             Was a Believer of Vehumet.
             Slain by a two-headed ogre
             ... wielding a +0 giant club
              (7 damage)
             ... on level 8 of the Dungeon.
             The game lasted 00:36:49 (11603 turns).

pk666 the Thaumaturge (Deep Elf Wizard)            Turns: 11603, Time: 00:36:50

Health: -4/45      AC:  5    Str:  4    XL:     9   Next: 63%
Magic:  7/25       EV: 14    Int: 27    God:    Vehumet [**....]
Gold:   229        SH:  0    Dex: 13    Spells: 18/29 levels left

rFire    . . .     SeeInvis +   L - +0 dagger (venom)
rCold    . . .     Gourm    .   (no shield)
rNeg     . . .     Faith    .   f - +0 robe
rPois    .         Spirit   .   o - +0 hat
rElec    .         Reflect  .   Q - +0 cloak
rCorr    .         Harm     .   r - +0 pair of gloves
MR       .....                  s - +0 pair of boots
Stlth    ++........             h - amulet of regeneration
HPRegen  0.55/turn              g - ring of flight
MPRegen  0.19/turn              K - ring of see invisible

@: no status effects
A: no striking features
a: Renounce Religion, Evoke Flight


You were on level 8 of the Dungeon.
You worshipped Vehumet.
Vehumet was pleased with you.
You were hungry.

You visited 2 branches of the dungeon, and saw 9 of its levels.
You also visited: Sewer and Ossuary.

You collected 229 gold pieces.

Inventory:

Hand Weapons
 a - a +1 dagger of speed
 b - a +0 quarterstaff
 L - a +0 dagger of venom (weapon)
Armour
 f - a +0 robe (worn)
 o - a +0 hat (worn)
 r - a +0 pair of gloves (worn)
 s - a +0 pair of boots (worn)
 N - the +5 shield "Lewk" {Int+3}
   (You found it on level 7 of the Dungeon)

   It affects your intelligence (+3).
 Q - a +0 cloak (worn)
Jewellery
 g - a ring of flight (left hand)
 h - an amulet of regeneration (around neck)
 K - a ring of see invisible (right hand)
Wands
 l - a wand of paralysis (10)
 F - a wand of acid (9)
 O - a wand of flame (23)
Scrolls
 i - a scroll of blinking {unknown}
 j - 10 scrolls of identify
 k - 2 scrolls of teleportation {unknown}
 m - 2 scrolls of amnesia {unknown}
 p - 6 scrolls of remove curse {unknown}
 u - 2 scrolls of silence {unknown}
 v - 3 scrolls of random uselessness {unknown}
 x - 2 scrolls of noise {unknown}
 y - 6 scrolls of immolation {unknown}
 D - 4 scrolls of enchant armour {unknown}
 H - 3 scrolls of magic mapping {unknown}
 I - a scroll of acquirement {unknown}
 M - 2 scrolls of fear {unknown}
Potions
 n - 4 potions of heal wounds {unknown}
 q - 5 potions of curing
 t - 3 potions of berserk rage {unknown}
 w - a potion of resistance {unknown}
 z - 3 potions of flight {unknown}
 A - a potion of magic {unknown}
 B - 3 potions of ambrosia {unknown}
 C - 3 potions of agility {unknown}
 E - a potion of mutation {unknown}
 G - a potion of haste {unknown}
 J - a potion of lignification {unknown}
Books
 c - a book of Minor Magic

   Spells                             Type                      Level
   a - Magic Dart                     Conjuration                  1
   b - Blink                          Translocation                2
   c - Call Imp                       Summoning                    2
   d - Slow                           Hexes                        2
   e - Conjure Flame                  Conjuration/Fire             3
   f - Mephitic Cloud                 Conjuration/Poison/Air       3
Comestibles
 d - 6 rations


   Skills:
 - Level 5.0 Dodging
 - Level 2.4 Stealth
 + Level 10.6 Spellcasting
 + Level 8.2 Conjurations
   Level 1.1 Summonings
 - Level 3.0 Translocations
 + Level 6.3 Fire Magic
 - Level 2.1 Air Magic
 - Level 3.0 Poison Magic


You had 18 spell levels left.
You knew the following spells:

 Your Spells              Type           Power        Failure   Level  Hunger
a - Magic Dart            Conj           ####         1%          1    None
b - Blink                 Tloc           N/A          1%          2    None
c - Throw Frost           Conj/Ice       #####.       1%          2    None
d - Conjure Flame         Conj/Fire      ######..     1%          3    None
z - Mephitic Cloud        Conj/Pois/Air  #####...     1%          3    None


Dungeon Overview and Level Annotations

Branches:
Dungeon (8/15)             Temple (1/1) D:5
   Lair: D:8-11

Altars:
Ashenzari
Cheibriados
Dithmenos
Elyvilon
Gozag
Hepliaklqana
Makhleb
Nemelex Xobeh
Okawaru
Qazlal
Ru
Sif Muna
Trog
Uskayaw
Vehumet
Wu Jian
Xom
Zin
The Shining One

Shops:
D:5 }   D:6 *

Annotations:
D:5 1 exclusion, Monsterracer's ghost, novice GrVM


Message History

Aiming: Magic Dart
Press: ? - help, Shift-Dir - straight line, f/p - eye of draining
Aim: an eye of draining (severely wounded)
The magic dart hits the eye of draining.
The eye of draining is almost dead.
The two-headed ogre hits you with a giant club!!
Ouch! That really hurt!
* * * LOW HITPOINT WARNING * * *
The two-headed ogre closely misses you.
Casting: Magic Dart
Confirm with . or Enter, or press ? or * to list all spells.
Aiming: Magic Dart
Press: ? - help, Shift-Dir - straight line, f/p - eye of draining
Aim: an eye of draining (almost dead)
The magic dart hits the eye of draining.
The eye of draining is almost dead.
The two-headed ogre hits you with a giant club.
* * * LOW HITPOINT WARNING * * *
The two-headed ogre hits you with a giant spiked club!
You die...

..... . ... ..
... #. ... .. #)#
# #.##.##.#
#..GO...#
#..#####@####
.......[....#
#.######.##+#+###
#........#
####........#
#.......<...#
#...........#
#...........#
#...........#


You could see a two-headed ogre and an eye of draining.

Vanquished Creatures
  3 sky beasts (D:7)
  An ice beast (D:6)
  A black bear (D:7)
  5 phantoms
  3 ogres
  4 centaurs
  A big kobold (Sewer)
  3 bullfrogs
  5 elf skeletons (D:4)
  2 scorpions
  4 howler monkeys
  A bullfrog zombie (D:5)
  2 crimson imps
  2 centaur zombies
  A human zombie (D:4)
  2 orc priests
  A bullfrog skeleton (D:8)
  2 hounds
  2 orc wizards
  A centaur skeleton (D:7)
  2 iguanas
  3 worker ants
  A big kobold zombie (Ossuary)
  A hound zombie (D:7)
  A hound skeleton (D:4)
  5 mummies
  8 adders
  3 gnolls (D:6)
  3 river rats (Sewer)
  2 shadow imps
  2 oozes (D:3)
  An adder zombie (D:6)
  An adder skeleton (D:7)
  A worm (D:5)
  10 leopard geckos
  11 orcs
  5 giant cockroaches
  6 goblins
  3 hobgoblins
  16 jackals
  6 kobolds
  3 quokkas
  A ball python (D:3)
  5 bats
  8 frilled lizards
  A gnoll zombie (Ossuary)
  A goblin zombie (Ossuary)
  A jackal zombie (D:6)
  A kobold zombie (Ossuary)
  A leopard gecko skeleton (D:7)
  3 orc zombies (Ossuary)
  A quokka skeleton (D:5)
  10 rats
173 creatures vanquished.

Vanquished Creatures (others)
  3 plants (D:6)
3 creatures vanquished.

Grand Total: 176 creatures vanquished

Notes
Turn   | Place    | Note
-------+----------+-------------------------------------------
     0 | D:1      | pk666 the Deep Elf Wizard began the quest for the Orb.
     0 | D:1      | Reached XP level 1. HP: 10/10 MP: 7/7
   318 | D:1      | Reached XP level 2. HP: 15/15 MP: 3/9
   760 | D:1      | Reached skill level 5 in Spellcasting
   958 | D:2      | Reached XP level 3. HP: 13/19 MP: 4/11
  1314 | D:2      | Learned a level 2 spell: Blink
  1318 | D:2      | Learned a level 3 spell: Mephitic Cloud
  1322 | D:2      | Learned a level 3 spell: Conjure Flame
  1644 | D:3      | Reached XP level 4. HP: 20/24 MP: 4/13
  2286 | D:3      | Reached skill level 1 in Poison Magic
  2339 | D:3      | Reached skill level 1 in Fire Magic
  2837 | D:4      | Reached skill level 1 in Air Magic
  2837 | D:4      | Reached XP level 5. HP: 12/28 MP: 1/15
  3141 | D:4      | Reached XP level 6. HP: 7/32 MP: 3/16
  3406 | D:4      | Found a sand-covered staircase.
  3457 | Ossuary  | Entered an ossuary
  3711 | Ossuary  | Reached skill level 6 in Spellcasting
  4368 | D:4      | Found a shattered altar of Ashenzari.
  4548 | D:4      | Reached XP level 7. HP: 36/36 MP: 13/18
  5028 | D:4      | Found a hazy altar of Hepliaklqana.
  5603 | D:5      | Entered Level 5 of the Dungeon
  5783 | D:5      | Reached skill level 5 in Dodging
  5961 | D:5      | Found a glowing drain.
  5972 | Sewer    | Entered a sewer
  6016 | Sewer    | Reached skill level 7 in Spellcasting
  6358 | Sewer    | Found a white marble altar of Elyvilon.
  6544 | D:5      | Found a staircase to the Ecumenical Temple.
  6563 | Temple   | Entered the Ecumenical Temple
  6612 | Temple   | Became a worshipper of Vehumet
  6746 | D:5      | Found a stormy altar of Qazlal.
  6908 | D:5      | Reached XP level 8. HP: 39/41 MP: 16/20
  7001 | D:5      | Reached skill level 5 in Conjurations
  7260 | D:5      | Noticed Monsterracer's ghost (novice GrVM)
  7337 | D:5      | Found Qagiu's Gadget Emporium.
  7816 | D:6      | Reached skill level 8 in Spellcasting
  8671 | D:6      | Reached skill level 9 in Spellcasting
  8794 | D:6      | Reached * piety under Vehumet
  8794 | D:6      | Offered knowledge of Flame Tongue by Vehumet.
  8794 | D:6      | Reached skill level 5 in Fire Magic
  9116 | D:6      | Found Kaatupniu's General Store.
  9255 | D:6      | Reached XP level 9. HP: 45/45 MP: 20/24
 10190 | D:7      | Reached skill level 10 in Spellcasting
 10300 | D:7      | Got a polished shield
 10301 | D:7      | Identified the +5 shield "Lewk" {Int+3} (You found it on level 7 of the Dungeon)
 10580 | D:7      | Offered knowledge of Throw Frost by Vehumet.
 10585 | D:7      | Learned a level 2 spell: Throw Frost
 10662 | D:7      | Reached ** piety under Vehumet
 11589 | D:8      | Noticed a two-headed ogre
 11603 | D:8      | Slain by a two-headed ogre

Skill      XL: |  1  2  3  4  5  6  7  8  9 |
---------------+----------------------------+-----
Conjurations   | 2 3 4 6 8 |  8.2
Spellcasting   | 5 6 7 9 10 | 10.6
Dodging        | 3 4 5 |  5.0
Poison Magic   | 1 2 3 |  3.0
Fire Magic     | 1 2 3 5 6 |  6.3
Air Magic      | 1 2 |  2.1
Translocations | 2 3 |  3.0
Stealth        | |  2.4
Summonings     | |  1.1

Action                   |  1- 3 |  4- 6 |  7- 9 || total
-------------------------+-------+-------+-------++-------
Melee: Dagger            |     7 |    45 |    60 ||   112
 Cast: Magic Dart        |    75 |   120 |   475 ||   670
       Conjure Flame     |       |    14 |    32 ||    46
       Blink             |       |     2 |     5 ||     7
       Mephitic Cloud    |       |       |    11 ||    11
       Throw Frost       |       |       |     1 ||     1
 Abil: Evoke Flight      |       |       |     1 ||     1
  Use: Potion            |       |       |     2 ||     2
       Scroll            |       |       |     1 ||     1
 Stab: Confused          |       |       |     2 ||     2
  Eat: Chunk             |     2 |     3 |    20 ||    25
       Ration            |       |     2 |       ||     2
Armor: Robe              |     3 |    12 |    16 ||    31
Dodge: Dodged            |    28 |    33 |   107 ||   168
